 Dungeon Crawl Stone Soup version 0.31.0-12-g77e489cdc1 (webtiles) character file.

Game seed: 6717960999962822295

42751 Silvore the Bludgeoner (level 13, 0/119 HPs)
             Began as a Minotaur Fighter on Feb 24, 2024.
             Was the Champion of the Shining One.
             Slain by a five-headed hydra (4 damage)
             ... on level 14 of the Dungeon.
             The game lasted 00:24:13 (15521 turns).

Silvore the Bludgeoner (Minotaur Fighter)          Turns: 15521, Time: 00:24:14

Health: 0/119      AC: 17    Str: 24    XL:     13   Next: 87%
Magic:  12/12      EV: 15    Int:  5    God:    the Shining One [******]
Gold:   1233       SH: 17    Dex: 18    Spells: 12/12 levels left

rFire   + . .        A - +2 morningstar
rCold   + . .        y - +3 kite shield
rNeg    + + +        S - +0 plate armour
rPois   .            (helmet restricted)
rElec   .            w - scarf {rC+ rF+}
rCorr   .            (no gloves)
SInv    .            (no boots)
Will    .....        k - amulet of the acrobat Stlth
                     i - +5 ring of evasion
HPRegen 0.39/turn    I - +6 ring of dexterity
MPRegen 0.13/turn

%: acrobat
@: glowing, studying Armour
A: horns 2, retaliatory headbutt
a: Renounce Religion, Divine Shield, Cleansing Flame, Summon Divine Warrior,
Brand Weapon With Holy Wrath


You were on level 14 of the Dungeon.
You worshipped the Shining One.
The Shining One was exalted by your worship.
You visited 2 branches of the dungeon, and saw 15 of its levels.
You also visited: Sewer and Ossuary.

You collected 1450 gold pieces.
You spent 217 gold pieces at shops.

Inventory:

Hand Weapons
 a - a +0 flail
 u - a +0 mace
 A - a +2 morningstar (weapon)
 O - a +0 demon whip of venom
 W - a +0 demon whip
Missiles
 N - a throwing net (quivered)
Armour
 b - a +0 scale mail
 c - a +1 buckler
 f - the +1 chain mail of Fedhas's Delight {Str+3 Int+3}
   (You found it on level 2 of the Dungeon)

   Str+3:     It affects your strength (+3).
   Int+3:     It affects your intelligence (+3).
 w - a scarf of resistance (worn)
 y - a +3 kite shield (worn)
 F - the +0 troll leather armour of Tenacity {Fly rF+ rN+ Regen+}
   (You found it on level 10 of the Dungeon)

   rF+:       It protects you from fire.
   rN+:       It protects you from negative energy.
   Fly:       It grants you flight.
   Regen+:    It increases your rate of health regeneration.
 S - a +0 plate armour (worn)
Magical Staves
 G - a staff of earth
Jewellery
 i - a +5 ring of evasion (left hand)
 k - an amulet of the acrobat (around neck)
 I - a +6 ring of dexterity (right hand)
 J - an amulet of magic regeneration
 M - a ring of fire
 P - a +6 ring of dexterity
 Q - a ring of ice
 R - a ring of resist corrosion
Wands
 q - a wand of flame (25)
 r - a wand of mindburst (47)
 x - a wand of charming (26)
 B - a wand of digging (2)
 E - a wand of polymorph (5)
 K - a wand of iceblast (18)
Scrolls
 d - 3 scrolls of enchant armour
 h - a scroll of torment
 l - 2 scrolls of summoning
 o - 4 scrolls of revelation
 p - 7 scrolls of teleportation
 t - 2 scrolls of fog
 C - 2 scrolls of fear
 D - 2 scrolls of immolation
 U - 2 scrolls of identify
Potions
 e - 9 potions of curing
 g - 5 potions of brilliance
 j - 2 potions of haste
 m - 5 potions of attraction
 n - 3 potions of degeneration
 s - a potion of resistance
 v - a potion of magic
 z - 4 potions of mutation
 H - 5 potions of enlightenment
 L - a potion of experience {unknown}
 T - a potion of invisibility {unknown}
 V - a potion of heal wounds


   Skills:
 + Level 12.5 Fighting
 + Level 17.0 Maces & Flails
 + Level 15.4 Armour
 + Level 6.8 Dodging
 + Level 2.0 Stealth
 + Level 14.7 Shields
 + Level 0.5 Unarmed Combat
 + Level 0.9 Invocations


You had 12 spell levels left.
You didn't know any spells.
Your spell library contained the following spells:

 Spells                   Type           Power      Damage    Failure   Level
 Shock                    Conj/Air       0%         1d3       99%         1
 Scorch                   Fire           0%         2d5       100%        2
 Dazzling Flash           Conj/Hex       0%         N/A       100%        3
 Mephitic Cloud           Conj/Alch/Air  0%         N/A       100%        3
 Tukima's Dance           Hex            0%         N/A       100%        3
 Brom's Barrelling Bould  Conj/Erth      0%         2d3       100%        4
 Flame Wave               Conj/Fire      0%         2d4       100%        4
 Leda's Liquefaction      Alch/Erth      0%         N/A       100%        4
 Alistair's Intoxication  Alch           0%         N/A       100%        5
 Borgnjor's Vile Clutch   Necr/Erth      0%         N/A       100%        5
 Curse of Agony           Necr           0%         N/A       100%        5
 Lee's Rapid Deconstruct  Erth           0%         3d4*      100%        5
 Silence                  Hex/Air        0%         N/A       100%        5
 Summon Forest            Summ/Tloc      0%         N/A       100%        5
 Summon Mana Viper        Hex/Summ       0%         N/A       100%        5
 Bombard                  Conj/Erth      0%         9d1       100%        6
 Eringya's Noxious Bog    Alch           0%         4d6       100%        6
 Plasma Beam              Fire/Air       0%         2x1d10    100%        6
 Summon Cactus Giant      Summ           0%         N/A       100%        6


Dungeon Overview and Level Annotations

Branches:
Dungeon (14/15)            Temple (1/1) D:6            Lair (0/5) D:11
    Orc (0/2) D:10         Vaults (0/5) D:13          Sewer (visited)
Ossuary (visited)

Altars:
Ashenzari
Cheibriados
Dithmenos
Elyvilon
Fedhas
Gozag
Hepliaklqana
Kikubaaqudgha
Makhleb
Nemelex Xobeh
Okawaru
Qazlal
Ru
Sif Muna
Trog
Uskayaw
Vehumet
Wu Jian
Xom
Yredelemnul
Zin
The Shining One

Shops:
D:5 *   D:13 **


Innate Abilities, Weirdness & Mutations

You have a pair of horns on your head.
You reflexively headbutt those who attack you in melee.


Message History

Things that are here:
a vampire mosquito corpse; a vampire mosquito corpse Unknown command.
You block the centaur warrior's attack.
The centaur warrior kicks you but does no damage.
You block the centaur warrior's attack. x2
As you read the scroll of teleportation, it crumbles to dust.
You feel strangely unstable. The white ugly thing gores you.
* * * LOW HITPOINT WARNING * * *
The white ugly thing freezes you! You resist.
* * * LOW HITPOINT WARNING * * *
You block the centaur warrior's attack. x2
The brown ugly thing basks in the mutagenic energy from its kin and changes!
The centaur warrior wields a +0 shortbow.
The centaur warrior shoots an arrow.
You block the arrow.
The white ugly thing basks in the mutagenic energy from its kin and changes!
The centaur warrior shoots an arrow.
You block the arrow.
Your surroundings suddenly seem different.
A five-headed hydra and a wraith come into view.
Found a scroll labelled JELIUBBUCW and a scroll of noise.
Found a stone staircase leading up.
The five-headed hydra roars!
You block the wraith's attack.
You completely miss the wraith.
You headbutt the wraith, but do no damage.
You barely miss the wraith. You headbutt the wraith.
The wraith is lightly damaged.
The wraith hits you but does no damage.
You hit the wraith.
The wraith is lightly damaged.
You block the wraith's attack.
You barely miss the wraith. Your headbutt misses the wraith.
The wraith is lightly damaged.
You block the five-headed hydra's attack.
The five-headed hydra closely misses you.
The five-headed hydra bites you.
* * * LOW HITPOINT WARNING * * *
You block the five-headed hydra's attack.
The five-headed hydra bites you.
You die...

... ..# ....
#..## . ....#
##....#..
.....###........
#...............
#.?..........<..
#........D.....#
#....@W.....#
###...#..?...
##...#.....
##..^#....
##.....## .....#
#....# ...##


You could see a five-headed hydra and a wraith.

Vanquished Creatures
  Jorgrun (D:11)
  8 vault guards
  Josephine (D:11)
  Fannar (D:12)
  A catoblepas (D:14)
  4 centaur warriors
  2 two-headed ogres (D:11)
  The ghost of middlethird the Carver, a journeyman VSCj of the Shining One (D:12)
  Amaemon (D:11)
  Sonja (D:11)
  Lodul (D:11)
  An arcanist (D:11)
  A necromancer (D:10)
  2 deep elf pyromancers (D:11)
  Pikel (D:9)
  4 ugly things (D:14)
  A cyclops (D:12)
  2 manticores
  2 spectral boulder beetles (D:10)
  3 spectral centaurs (D:10)
  4 centaur zombies (D:10)
  Joseph (D:9)
  2 gargoyles
  An orange demon (D:11)
  An unseen horror (D:12)
  2 kobold demonologists (D:11)
  A yaktaur (shapeshifter) (D:12)
  Psyche (D:9)
  4 trolls
  A hornet (D:10)
  Prince Ribbit (D:7)
  A polar bear (D:10)
  2 spectral black mambas (D:10)
  2 shadows
  Sigmund (D:5)
  5 vampires
  2 wyverns
  13 wraiths
  6 slime creatures (D:12)
  9 yaks
  4 basilisks
  A warg (D:10)
  2 steam dragons
  13 vampire mosquitoes
  Menkaure (D:5)
  2 acid dragons
  Duvessa (D:5)
  4 water moccasins
  Pargi (Sewer)
  4 orc warriors
  3 sky beasts (D:7)
  2 ice beasts
  2 black bears
  A boulder beetle simulacrum (D:10)
  11 ogres
  3 centaurs
  6 wolves (D:10)
  3 boggarts (D:14)
  An elf zombie (Ossuary)
  A bullfrog (D:6)
  2 kobold brigands
  A brain worm (Sewer)
  11 weeping skulls (D:10)
  A gnoll sergeant (D:8)
  3 scorpions
  7 wights (D:7)
  Dowan (D:5)
  21 killer bees
  2 electric eels (D:7)
  4 howler monkeys
  2 bombardier beetles
  A quasit (D:9)
  2 hounds
  A gnoll bouda (D:6)
  4 human zombies (Ossuary)
  8 orc priests
  Crazy Yiuf (D:6)
  4 jellies
  3 sleepcaps
  16 orc wizards
  Ijyb (D:5)
  Natasha (thrice) (D:2)
  6 iguanas
  3 polar bear simulacra (D:10)
  4 hell rats (D:10)
  A wolf simulacrum (D:10)
  4 yak simulacra (D:10)
  4 mummies (Ossuary)
  A howler monkey zombie (D:10)
  A howler monkey skeleton (D:10)
  11 adders
  9 gnolls
  2 white imps
  4 ufetubi
  2 adder zombies (Ossuary)
  3 ribbon worms (D:2)
  A dart slug (D:4)
  47 orcs
  13 ball pythons
  5 bats
  3 endoplasms
  9 giant cockroaches
  A gnoll zombie (Ossuary)
  6 goblins
  8 hobgoblins
  6 jackals
  11 kobolds
  5 quokkas
  8 frilled lizards
  A hobgoblin zombie (Ossuary)
  2 kobold zombies (Ossuary)
  An orc zombie (Ossuary)
  6 rats
  3 river rat simulacra (D:10)
455 creatures vanquished.

Notes
Turn   | Place    | Note
-------+----------+-------------------------------------------
     0 | D:1      | Silvore the Minotaur Fighter began the quest for the Orb.
     0 | D:1      | Reached XP level 1. HP: 19/19 MP: 0/0
    86 | D:1      | Reached XP level 2. HP: 22/27 MP: 1/1
   625 | D:1      | Reached XP level 3. HP: 33/33 MP: 2/2
   754 | D:2      | Reached skill level 3 in Maces & Flails
   817 | D:2      | Identified the +1 chain mail of Fedhas's Delight {Str+3
                  | Int+3}
  1088 | D:2      | Found a snail-covered altar of Cheibriados.
  1154 | D:2      | Noticed Natasha
  1159 | D:2      | Killed Natasha
  1160 | D:2      | Reached XP level 4. HP: 40/41 MP: 3/3
  1187 | D:2      | Noticed Natasha
  1193 | D:2      | Killed Natasha
  1282 | D:2      | Noticed Natasha
  1290 | D:2      | Killed Natasha
  1291 | D:2      | Reached XP level 5. HP: 47/47 MP: 4/4
  1510 | D:3      | Noticed a black bear
  1514 | D:3      | Killed a black bear
  1515 | D:3      | Reached skill level 4 in Maces & Flails
  1515 | D:3      | Reached skill level 5 in Shields
  1585 | D:3      | Found a glowing drain.
  1596 | Sewer    | Entered a sewer
  1622 | Sewer    | Reached skill level 5 in Armour
  1622 | Sewer    | Reached skill level 1 in Dodging
  1622 | Sewer    | Reached XP level 6. HP: 47/55 MP: 3/5
  1674 | Sewer    | Noticed Pargi
  1684 | Sewer    | Killed Pargi
  1685 | Sewer    | Reached skill level 5 in Maces & Flails
  2272 | D:3      | Reached skill level 5 in Fighting
  2452 | D:3      | Found a shimmering altar of Xom.
  2453 | D:3      | Found a shadowy altar of Dithmenos.
  2455 | D:3      | Found an ancient bone altar of Kikubaaqudgha.
  2463 | D:3      | Found an ornate altar of the Wu Jian Council.
  2466 | D:3      | Found a bloodstained altar of Trog.
  2867 | D:4      | Reached XP level 7. HP: 32/61 MP: 6/6
  2886 | D:4      | Reached skill level 6 in Maces & Flails
  3117 | D:4      | Found a sand-covered staircase.
  3122 | Ossuary  | Entered an ossuary
  3169 | Ossuary  | HP: 3/61 [human zombie (6)]
  3176 | Ossuary  | HP: 2/61 [elf zombie (1)]
  3586 | D:4      | Reached skill level 7 in Maces & Flails
  3720 | D:4      | Reached XP level 8. HP: 70/70 MP: 7/7
  3874 | D:5      | Entered Level 5 of the Dungeon
  3943 | D:5      | Noticed Dowan
  3943 | D:5      | Noticed Duvessa
  3960 | D:5      | Killed Duvessa
  3961 | D:5      | Reached skill level 8 in Maces & Flails
  3965 | D:5      | Killed Dowan
  4175 | D:5      | Found a broken altar of Ashenzari.
  4179 | D:5      | Noticed Menkaure
  4185 | D:5      | Killed Menkaure
  4340 | D:5      | Noticed Ijyb
  4360 | D:5      | Killed Ijyb
  4531 | D:5      | Found Tiufo's Serpentskin Sales.
  4611 | D:5      | Noticed Sigmund
  4617 | D:5      | Reached skill level 9 in Maces & Flails
  4623 | D:5      | Killed Sigmund
  4769 | D:6      | Reached XP level 9. HP: 59/78 MP: 8/8
  4908 | D:6      | Found a runed translucent door.
  4909 | D:6      | Noticed Crazy Yiuf
  5144 | D:6      | Killed Crazy Yiuf
  5316 | D:6      | Reached skill level 10 in Maces & Flails
  5603 | D:6      | Found a staircase to the Ecumenical Temple.
  5620 | Temple   | Entered the Ecumenical Temple
  5781 | Temple   | Became a worshipper of the Shining One
  6277 | D:7      | Found a sparkling altar of Nemelex Xobeh.
  6285 | D:7      | Found a radiant altar of Vehumet.
  6452 | D:7      | Noticed Prince Ribbit
  6465 | D:7      | Killed Prince Ribbit
  6466 | D:7      | Reached skill level 11 in Maces & Flails
  6466 | D:7      | Reached XP level 10. HP: 73/88 MP: 9/9
  6831 | D:7      | Reached * piety under the Shining One
  7273 | D:8      | Reached skill level 10 in Armour
  7480 | D:8      | Found a sacrificial altar of Ru.
  8234 | D:9      | Noticed Pikel
  8238 | D:9      | Noticed Psyche
  8243 | D:9      | Killed Pikel
  8244 | D:9      | Reached skill level 12 in Maces & Flails
  8256 | D:9      | Killed Psyche
  8458 | D:9      | Found a glowing silver altar of Zin.
  8466 | D:9      | Noticed Joseph
  8495 | D:9      | Killed Joseph
  9098 | D:10     | Entered Level 10 of the Dungeon
  9103 | D:10     | Reached skill level 1 in Stealth
  9103 | D:10     | Reached XP level 11. HP: 95/95 MP: 10/10
  9104 | D:10     | Reached ** piety under the Shining One
  9251 | D:10     | Found a staircase to the Orcish Mines.
  9255 | D:10     | Reached skill level 10 in Shields
  9335 | D:10     | Reached skill level 13 in Maces & Flails
  9397 | D:10     | Reached *** piety under the Shining One
  9575 | D:10     | Reached skill level 5 in Dodging
  9649 | D:10     | Found an ancient bone altar of Kikubaaqudgha.
  9670 | D:10     | Got Tuunnu's Treatise on Spellbinding and the Welkin
  9673 | D:10     | Identified the +0 troll leather armour of Tenacity {Fly rF+
                  | rN+ Regen+}
  9685 | D:10     | Reached **** piety under the Shining One
  9759 | D:10     | Reached skill level 14 in Maces & Flails
 10196 | D:10     | Noticed a necromancer
 10221 | D:10     | Killed a necromancer
 10222 | D:10     | Reached skill level 10 in Fighting
 10333 | D:10     | Reached ***** piety under the Shining One
 10460 | D:10     | Reached XP level 12. HP: 105/106 MP: 11/11
 10891 | D:11     | Noticed Sonja
 11198 | D:11     | Reached skill level 15 in Maces & Flails
 11237 | D:11     | Killed Sonja
 11251 | D:11     | Noticed a centaur warrior
 11260 | D:11     | Killed a centaur warrior
 11442 | D:11     | Noticed a centaur warrior
 11462 | D:11     | Killed a centaur warrior
 11473 | D:11     | Identified the +2 scale mail of Negligence {*Corrode +Inv
                  | Str+2}
 11541 | D:11     | Found a shimmering blue altar of Sif Muna.
 11545 | D:11     | Got the Enchiridion on Ill-fated Grit
 11590 | D:11     | Found a staircase to the Lair.
 11901 | D:11     | Noticed Josephine
 11903 | D:11     | Noticed a two-headed ogre
 11910 | D:11     | Killed Josephine
 11915 | D:11     | Killed a two-headed ogre
 11918 | D:11     | Noticed a two-headed ogre
 11952 | D:11     | Killed a two-headed ogre
 11995 | D:11     | Noticed Amaemon
 12006 | D:11     | Reached skill level 16 in Maces & Flails
 12015 | D:11     | Killed Amaemon
 12016 | D:11     | Reached XP level 13. HP: 111/116 MP: 12/12
 12052 | D:11     | Found a shimmering blue altar of Sif Muna.
 12138 | D:11     | Noticed Lodul
 12184 | D:11     | Killed Lodul
 12569 | D:12     | Noticed Jorgrun
 12569 | D:12     | Noticed Fannar
 12595 | D:11     | Killed Jorgrun
 12827 | D:12     | Killed Fannar
 13017 | D:12     | Noticed middlethird's ghost (journeyman VSCj)
 13020 | D:12     | Found a runed translucent door.
 13040 | D:12     | Killed middlethird's ghost
 13512 | D:13     | Reached ****** piety under the Shining One
 13644 | D:13     | Found a gate to the Vaults.
 14138 | D:13     | Reached skill level 15 in Armour
 14406 | D:13     | Identified the +0 cloak "Unlib" {rF+}
 14412 | D:13     | Found Juell's Assorted Antiques.
 14577 | D:13     | Found Worch's Assorted Antiques.
 14609 | D:13     | Bought a scroll of identify for 62 gold pieces
 14609 | D:13     | Bought a potion of heal wounds for 155 gold pieces
 15106 | D:14     | Reached skill level 17 in Maces & Flails
 15521 | D:14     | HP: 4/119 [five-headed hydra (4)]
 15521 | D:14     | Slain by a five-headed hydra

Illustrated notes

Levels and vault maps discovered:
D:1:      tarquinn_simple_flora_water_e, layout_loops_cross, st_stairs_13
D:2:      layout_loops_ring, basic_altar, uniq_natasha
D:3:      layout_basic, minmay_overflow_temple_star_hex,
          mainiacjoe_sewer_entry_somewhere_in_here_2
D:4:      layout_rooms, enter_ossuary_2, grunt_decor_clamped
D:5:      layout_basic, mainiacjoe_overflow_surrounded_room, serial_glass,
          glass_columns_a, glass_columns_c, guppyfry_shop_venom, uniq_menkaure,
          uniq_duvessa, uniq_ijyb, uniq_sigmund
D:6:      layout_rooms, minmay_temple_entry_wispy, minmay_manual_mess,
          uniq_crazy_yiuf_cottage
D:7:      kennysheep_six_static_rooms, layout_basic, nicolae_overflow_squiral,
          uniq_prince_ribbit1
D:8:      layout_loops_ring, mainiacjoe_overflow_24_doors
D:9:      layout_rooms, mainiacjoe_overflow_tiny_flanked, uniq_pikel,
          uniq_psyche, uniq_joseph
D:10:     lemuel_vampire_tower, layout_basic, david_orc_2,
          eino_house_with_fridge
D:11:     layout_long_grid, minmay_lair_entry_grove, serial_library,
          serial_library_hellmonk_hallway_a,
          serial_library_hellmonk_open_square,
          serial_library_regret_index_multi, serial_library_hellmonk_big_corner,
          serial_library_hellmonk_octagon,
          serial_library_hellmonk_narrow_alcove,
          serial_library_hellmonk_angled_corner,
          serial_library_hellmonk_statue_hall, minmay_radiant, uniq_sonja,
          uniq_josephine, uniq_amaemon, uniq_lodul
D:12:     layout_cross, hellmonk_ghost_happy_afterlife, uniq_jorgrun,
          uniq_fannar
D:13:     layout_irregular_city, erik_vaults_2, serial_shops, shop_statue, shop
D:14:     layout_layer_cave, serial_park_tiny_pond, nicolae_wand_duel,
          kennysheep_flooded_box, uniq_azrael, uniq_rupert
Temple:   hc_temple_tempest_star

Skill      XL: |  1  2  3  4  5  6  7  8  9 10 11 12 13 |
---------------+----------------------------------------+-----
Shields        | 4 5 6 7 9 11 13 14 | 14.7
Armour         | 4 5 6 7 9 11 12 14 15 | 15.4
Fighting       | 4 5 6 7 8 10 11 12 | 12.5
Maces & Flails | 3 4 5 7 9 11 12 14 16 17 | 17.0
Dodging        | 1 2 3 4 5 6 |  6.8
Stealth        | 1 2 |  2.0
Unarmed Combat | |  0.5
Invocations    | |  0.9

Action                     |  1- 3 |  4- 6 |  7- 9 | 10-12 | 13-15 || total
---------------------------+-------+-------+-------+-------+-------++-------
  Melee: Flail             |    95 |   114 |   141 |       |       ||   350
         Headbutt          |    18 |    13 |    76 |   194 |    90 ||   391
         Mace              |       |       |   227 |   127 |       ||   354
         Morningstar       |       |       |       |   523 |   281 ||   804
         Unarmed           |       |       |       |     6 |       ||     6
 Invoke: Divine Shield     |       |       |       |     1 |       ||     1
    Use: Scroll            |       |     5 |     4 |     9 |     7 ||    25
         Potion            |       |       |     3 |     4 |     1 ||     8
 Armour: Scale mail        |    56 |       |       |       |       ||    56
         Chain mail        |    14 |    90 |   286 |   397 |    68 ||   855
         Skin              |       |       |       |     1 |       ||     1
         Plate armour      |       |       |       |       |    83 ||    83
  Dodge: Dodged            |    43 |    51 |   202 |   351 |   103 ||   750
  Block: Buckler           |    27 |    37 |   156 |    44 |       ||   264
         Kite shield       |       |       |       |   505 |   224 ||   729
